 Dungeon Crawl Stone Soup version 0.27.0-1-g7a089689b8 (webtiles) character file.

Game seed: 12342863961815113341

11 sasquatch the Chopper (level 2, -4/39 HPs)
             Began as a Minotaur Berserker on Aug 8, 2021.
             Was a Follower of Trog.
             Blown up by Ijyb (18 damage)
             ... with a mindburst bolt
             ... on level 3 of the Dungeon.
             The game lasted 00:00:38 (603 turns).

sasquatch the Chopper (Minotaur Berserker)           Turns: 603, Time: 00:00:38

Health: -4/39      AC:  3    Str: 21    XL:     2   Next: 17%
Magic:  1/1        EV: 12    Int:  4    God:    Trog [*.....]
Gold:   29         SH:  0    Dex:  9    Spells: 1/1 levels left

rFire    . . .     SeeInvis .   a - +0 hand axe
rCold    . . .     Faith    .   (no shield)
rNeg     . . .     Spirit   .   b - +0 animal skin
rPois    .         Reflect  .   (helmet restricted)
rElec    .         Harm     .   (no cloak)
rCorr    .         Rampage  .   (no gloves)
Will     .....                  d - +0 pair of boots
Stlth    ..........             (no amulet)
HPRegen  0.13/turn              (no ring)
MPRegen  0.07/turn              (no ring)

@: berserking (expiring), very quick
A: horns 2, retaliatory headbutt
a: Renounce Religion, Berserk


You were on level 3 of the Dungeon.
You worshipped Trog.
Trog was aware of your devotion.
You visited 1 branch of the dungeon, and saw 3 of its levels.

You collected 29 gold pieces.

Inventory:

Hand Weapons
 a - a +0 hand axe (weapon)
Armour
 b - a +0 animal skin (worn)
 d - a +0 pair of boots (worn)
Scrolls
 c - a scroll of teleportation {unknown}


   Skills:
 - Level 3.6 Fighting
 + Level 4.5 Axes
 - Level 2.4 Armour
 - Level 2.1 Dodging


You had one spell level left.
You didn't know any spells.
Your spell library was empty.

Dungeon Overview and Level Annotations

Branches:
Dungeon (3/15)

Altars:
Nemelex Xobeh

Annotations:
D:3 Ijyb


Innate Abilities, Weirdness & Mutations

You have a pair of horns on your head.
You reflexively headbutt those who attack you in melee.


Message History

Found a pair of boots.
You see here a +0 pair of boots.
d - a +0 pair of boots You start putting on your armour.
You continue putting on your +0 pair of boots. x4
You finish putting on your +0 pair of boots.
You see here 13 stones.
There is a stone staircase leading down here.
You climb downwards.
Ijyb and a dart slug come into view.
Ijyb is wielding a +0 spectral club and carrying a wand of mindburst (15).
Found an escape hatch in the floor.
There is a stone staircase leading up here.
The dart slug barely misses you. You furiously retaliate!
You headbutt the dart slug!
You kill the dart slug!
Trog accepts your kill.
You see here a dart slug corpse.
There is a stone staircase leading up here.
A red film seems to cover your vision as you go berserk!
You feel yourself moving faster!
You feel mighty!
You barely miss Ijyb.
Ijyb zaps a wand.
Your mind is blasted!
Ouch! That really hurt!
You are too injured to fight recklessly!
You are too injured to fight recklessly!
You are too injured to fight recklessly!
Unknown command.
You are too injured to fight recklessly!
You slash Ijyb! Your headbutt misses Ijyb.
Ijyb is heavily wounded.
Ijyb hits you but does no damage.
You barely miss Ijyb.
Ijyb is heavily wounded.
Ijyb misses you.
You slash Ijyb!
Ijyb is severely wounded.
You hit Ijyb but do no damage. Your headbutt misses Ijyb.
Ijyb is severely wounded.
Ijyb zaps a wand.
Your mind is blasted!
You die...

#.#.. ###.#.#
##.....## #.
#..#....# ..
#......##
###.#.......#.#.
......>..g......
#....†@#
#####..# #..#
#... .....
##..... #######


You could see Ijyb.

Vanquished Creatures
  A worm (D:2)
  A dart slug (D:3)
  A hobgoblin (D:1)
  2 jackals (D:2)
  A frilled lizard (D:2)
  A rat (D:1)
7 creatures vanquished.

Notes
Turn   | Place    | Note
-------+----------+-------------------------------------------
     0 | D:1      | sasquatch the Minotaur Berserker began the quest for the
                  | Orb.
     0 | D:1      | Reached XP level 1. HP: 19/19 MP: 0/0
   127 | D:2      | Reached skill level 4 in Axes
   127 | D:2      | Found a sparkling altar of Nemelex Xobeh.
   212 | D:2      | Reached XP level 2. HP: 15/26 MP: 1/1
   592 | D:3      | Noticed Ijyb
   603 | D:3      | Blown up by Ijyb

Illustrated notes

Levels and vault maps discovered:
D:1:      minmay_arrival_widening_spiral_narrow, layout_basic,
          dreamdust_ecumenical_altar_drowned_temple, minmay_misc_feat_columns,
          grunt_decor_clamped, minmay_tromino_i4
D:2:      layout_basic, basic_altar, serial_shops, shop, uniq_robin,
          uniq_natasha
D:3:      layout_basic, uniq_ijyb, uniq_jessica, uniq_grinder

Skill      XL: |  1 |
---------------+----+-----
Axes           | 4 |  4.5
Fighting       | |  3.6
Armour         | |  2.4
Dodging        | |  2.1

Action                   || total
-------------------------++-------
Melee: Hand axe          ||    17
       Headbutt          ||     1
Invok: Berserk           ||     2
 Stab: Distracted        ||     1
Armor: Animal skin       ||     2
Dodge: Dodged            ||    10
